 Dungeon Crawl Stone Soup version 0.16-a0-327-gbff0e38 (webtiles) character file.

116 PolkaDot the Caller (level 4, -5/30 HPs)
             Began as a Vampire Summoner on Sept 4, 2014.
             Slain by a gnoll
             ... wielding a +0 flail
              (11 damage)
             ... on Level 3 of the Dungeon on Sept 5, 2014.
             The game lasted 00:07:18 (2633 turns).

PolkaDot the Caller (Vampire Summoner)              Turns: 2633, Time: 00:07:18

HP  -5/30        AC  2     Str  7      XL: 4   Next: 69%
MP   1/7         EV 12     Int 18      God:
Gold 96          SH  0     Dex 14      Spells:  3 memorised,  1 level left

rFire  . . .     SeeInvis +     e - -3 whip (curse)
rCold  . . .     Clarity  .     a - +0 robe
rNeg   . . .     rCorr    .     (no shield)
rPois  .         rRot     .     (no helmet)
rElec  .         Spirit   .     (no cloak)
SustAb .         Warding  .     (no gloves)
rMut   .         Stasis   .     (no boots)
Gourm  .                        (no amulet)
MR     .....                    (no ring)
                                (no ring)

@: regenerating quickly, not resistant to hostile enchantments, unstealthy
A: fangs 3, see invisible, unbreathing
a: no special abilities


You were on level 3 of the Dungeon.
You were very full.

You visited 1 branch of the dungeon, and saw 3 of its levels.

You collected 96 gold pieces.

Inventory:

Hand weapons
 d - a +0 dagger
 e - a cursed -3 whip (weapon)
Armour
 a - a +0 robe (worn)
Scrolls
 c - 2 scrolls of enchant weapon {unknown}
 f - a scroll of blinking {unknown}
 g - 4 scrolls of identify {unknown}
 j - 3 scrolls of remove curse {unknown}
 l - a scroll of amnesia {unknown}
 o - a scroll of random uselessness {unknown}
Potions
 h - a potion of brilliance
 i - a potion of curing
 k - a potion of agility {unknown}
 m - a potion of resistance
 p - a potion of cancellation {unknown}
Books
 b - a book of Callings

   Spells                             Type                      Level
   *Summon Small Mammal               Summoning                    1
   *Call Imp                          Summoning                    2
   *Call Canine Familiar              Summoning                    3
   Summon Guardian Golem              Hexes/Summoning              4
   Summon Lightning Spire             Summoning/Air                4
   Summon Ice Beast                   Ice/Summoning                4


   Skills:
 - Level 2.1 Dodging
 - Level 3.0 Stealth
 - Level 2.0 Spellcasting
 * Level 6.1 Summonings


You had one spell level left.
You knew the following spells:

 Your Spells              Type           Power        Failure   Level  Hunger
a - Summon Small Mammal   Summ           ###.         1%          1    #......
d - Call Canine Familiar  Summ           ###.....     4%          3    ####...
s - Call Imp              Summ           ###.....     1%          2    ##.....


Dungeon Overview and Level Annotations

Branches:
Dungeon (3/15)

Altars:
Nemelex Xobeh


Innate Abilities, Weirdness & Mutations

Your natural rate of healing is unusually fast.
You have razor-sharp teeth.
You have supernaturally acute eyesight.
You can survive without breathing.


Message History

The gnoll closely misses you. The adder closely misses you.
You closely miss the adder.
The adder is almost dead.
Your hound bites the adder.
The adder dies!
Your crimson imp hits the gnoll but does no damage.
The gnoll hits you with a flail.
* * * LOW HITPOINT WARNING * * *
You closely miss the gnoll.
The gnoll is lightly wounded.
Your crimson imp blinks!
Your hound bites the gnoll.
The gnoll hits you with a flail!
* * * LOW HITPOINT WARNING * * *
You barely miss the gnoll.
The gnoll is moderately wounded.
Your hound bites the gnoll.
Your hound wags its tail.
Your crimson imp blinks!
The gnoll hits you with a flail!
You die...

......##.####...#...#...#.......#
......##.# #.....#.....#.#######
......##.# #.#...#.......#
......##.# #.#..##.#######
###################.....#
...........###.#
..#(..#...#.....#
........hg...#### ..#...#.@)#..#
..........ยง..$.# ##########.5#+#
...... .#.... ..


You could see a gnoll, a friendly hound and a friendly crimson imp.

Vanquished Creatures
  A gnoll (D:3)
  An adder (D:2)
  A giant gecko (D:2)
  4 orcs
  4 bats (D:1)
  5 goblins
  6 hobgoblins
  2 giant cockroaches
  2 giant newts
  3 jackals (D:2)
  3 kobolds
  3 rats
35 creatures vanquished.

Vanquished Creatures (collateral kills)
  7 adders
  A worm (D:2)
  An ooze (D:2)
  6 orcs (D:3)
  A hobgoblin (D:2)
  4 kobolds
  A bat (D:3)
  An orc skeleton (D:3)
  A rat (D:3)
23 creatures vanquished.

Vanquished Creatures (others)
  A crimson imp (D:3)
  A quokka (D:3)
2 creatures vanquished.

Grand Total: 60 creatures vanquished

Notes
Turn   | Place    | Note
--------------------------------------------------------------
     0 | D:1      | PolkaDot, the Vampire Summoner, began the quest for the Orb.
     0 | D:1      | Reached XP level 1. HP: 13/13 MP: 3/3
   293 | D:1      | Reached XP level 2. HP: 14/19 MP: 4/4
   810 | D:1      | Learned a level 2 spell: Call Imp
  1210 | D:2      | Reached skill level 5 in Summonings
  1210 | D:2      | Reached XP level 3. HP: 8/24 MP: 4/6
  1215 | D:2      | Learned a level 3 spell: Call Canine Familiar
  1355 | D:2      | Found a sparkling altar of Nemelex Xobeh.
  1594 | D:2      | Found a sparkling altar of Nemelex Xobeh.
  1977 | D:2      | HP: 1/24 [poisoned by an adder]
  2249 | D:3      | Reached XP level 4. HP: 12/30 MP: 3/7
  2579 | D:3      | Reached skill level 6 in Summonings
  2633 | D:3      | Slain by a gnoll

Action                   |  1- 3 |  4- 6 || total
-------------------------+-------+-------++-------
Melee: Dagger            |   152 |    25 ||   177
       Whip              |       |    13 ||    13
 Cast: Call Imp          |    11 |     6 ||    17
       Summon Small Mamm |     3 |     2 ||     5
       Call Canine Famil |     3 |     3 ||     6
  Use: Potion            |     7 |     1 ||     8
 Stab: Sleeping          |     6 |     2 ||     8
  Eat: Corpse            |    10 |    10 ||    20
